 Dungeon Crawl Stone Soup version 0.26-a0-683-g5206c1d7ac (webtiles) character file.

Game seed: 11948162303505425816

571 Kinoniko the Fighter (level 7, 0/80 HPs)
             Began as an Ogre Berserker on Oct 22, 2020.
             Was a Believer of Trog.
             Slain by a gnoll
             ... wielding a +0 whip
              (8 damage)
             ... on level 6 of the Dungeon.
             The game lasted 00:04:40 (3876 turns).

Kinoniko the Fighter (Ogre Berserker)               Turns: 3876, Time: 00:04:40

Health: 0/80       AC:  3    Str: 22    XL:     7   Next: 34%
Magic:  7/7        EV: 14    Int:  8    God:    Trog [**....]
Gold:   167        SH:  5    Dex: 10    Spells: 6/6 levels left

rFire    . . .     SeeInvis .   a - +0 spear
rCold    . . .     Faith    .   (no shield)
rNeg     . . .     Spirit   .   b - +0 animal skin
rPois    .         Reflect  +   (helmet restricted)
rElec    .         Harm     .   (no cloak)
rCorr    .         Rampage  .   (gloves unavailable)
MR       ++...                  (boots unavailable)
Stlth    +.........             l - amulet of reflection
HPRegen  1.23/turn              c - +4 ring of evasion
MPRegen  0.10/turn              (no ring)

@: berserk cooldown, regenerating, slowed, very slow
A: large, unfitting armour, tough skin 1
a: Berserk, Trog's Hand, Renounce Religion


You were on level 6 of the Dungeon.
You worshipped Trog.
Trog was pleased with you.
You visited 1 branch of the dungeon, and saw 5 of its levels.

You collected 167 gold pieces.

Inventory:

Hand Weapons
 a - a +0 spear (weapon)
Armour
 b - a +0 animal skin (worn)
Jewellery
 c - a +4 ring of evasion (left hand)
 l - an amulet of reflection (around neck)
Wands
 e - a wand of digging (1)
Scrolls
 d - 3 scrolls of remove curse
 h - 3 scrolls of teleportation
 j - a scroll of amnesia {unknown}
 r - a scroll of fog
Potions
 f - a potion of ambrosia {unknown}
 g - 2 potions of invisibility {unknown}
 i - a potion of brilliance {unknown}
 k - 3 potions of curing
 m - a potion of haste {unknown}
 n - a potion of berserk rage {unknown}
 o - 2 potions of heal wounds
 p - a potion of lignification {unknown}


   Skills:
 * Level 8.1 Fighting
 * Level 6.1 Polearms
 - Level 2.6 Dodging


You had 6 spell levels left.
You didn't know any spells.
Your spell library was empty.

Dungeon Overview and Level Annotations

Branches:
Dungeon (4/15)
 Temple: D:4-7

Altars:
Elyvilon
Makhleb
Okawaru
Zin
The Shining One

Annotations:
D:4 1 runed translucent door, Crazy Yiuf


Innate Abilities, Weirdness & Mutations

You are too large for most types of armour.
You have tough skin. (AC +1)


Message History

* * * LOW HITPOINT WARNING * * *
You hit the gnoll.
The gnoll is severely wounded.
The gnoll hits you from afar with a +0 halberd.
* * * LOW HITPOINT WARNING * * *
The gnoll closely misses you.
Unknown command.
You hit the gnoll but do no damage.
The gnoll is severely wounded.
The gnoll completely misses you. The gnoll barely misses you.
The white imp summons a swarm of flies.
Unknown command.
You closely miss the gnoll.
The gnoll is severely wounded.
The gnoll barely misses you. You block the gnoll's attack.
The gnoll closely misses you.
Your skin crawls.
You feel resistant to hostile enchantments.
The gnoll barely misses you. The gnoll hits you with a +0 whip!
You die...

... #.. # #.. ##+##
#.##.. ##...##
..#.... ##.....## ##
..... ##.......## #.
#.g####.........####.
#.5g@.'.........'....
#.g####.........####.
..... ##.......## ##
##.### ##.....## # #
##...## # ##+## # # #


You could see 3 gnolls and a white imp.

Vanquished Creatures
  Grinder (D:3)
  A gnoll sergeant (D:6)
  2 scorpions
  An orc priest (D:3)
  Robin (D:4)
  4 adders
  5 gnolls
  A worm (D:3)
  4 dart slugs
  2 leopard geckos
  9 orcs
  7 bats
  7 giant cockroaches
  10 goblins
  10 hobgoblins
  2 jackals (D:2)
  A kobold (D:2)
  2 quokkas
  5 frilled lizards
  A leopard gecko skeleton (D:4)
  A quokka skeleton (D:4)
  9 rats
86 creatures vanquished.

Vanquished Creatures (others)
  A kobold (D:3)
1 creature vanquished.

Grand Total: 87 creatures vanquished

Notes
Turn   | Place    | Note
-------+----------+-------------------------------------------
     0 | D:1      | Kinoniko the Ogre Berserker began the quest for the Orb.
     0 | D:1      | Reached XP level 1. HP: 24/24 MP: 1/1
   136 | D:1      | Reached XP level 2. HP: 33/33 MP: 2/2
   697 | D:2      | Reached XP level 3. HP: 35/41 MP: 3/3
   867 | D:2      | Found a burning altar of Makhleb.
   929 | D:2      | Reached skill level 5 in Fighting
  1107 | D:2      | Reached XP level 4. HP: 50/50 MP: 4/4
  1625 | D:3      | Reached ** piety under Trog
  1653 | D:3      | Reached skill level 6 in Fighting
  1653 | D:3      | Reached XP level 5. HP: 59/59 MP: 5/5
  1745 | D:3      | Noticed Grinder
  1759 | D:3      | Paralysed by Grinder for 3 turns
  1763 | D:3      | Killed Grinder
  1763 | D:3      | Reached skill level 7 in Fighting
  1763 | D:3      | Reached skill level 5 in Polearms
  1763 | D:3      | Reached XP level 6. HP: 13/71 MP: 6/6
  2122 | D:3      | Found a glowing silver altar of Zin.
  2122 | D:3      | Found a glowing golden altar of the Shining One.
  2122 | D:3      | Found a white marble altar of Elyvilon.
  3019 | D:4      | Noticed Robin
  3043 | D:4      | Killed Robin
  3344 | D:4      | Reached XP level 7. HP: 73/78 MP: 7/7
  3409 | D:4      | Found a runed translucent door.
  3410 | D:4      | Noticed Crazy Yiuf
  3742 | D:4      | You fall into a shaft and drop 2 floors!
  3742 | D:6      | Found an iron altar of Okawaru.
  3852 | D:6      | Reached skill level 8 in Fighting
  3876 | D:6      | Slain by a gnoll

Illustrated notes

Levels and vault maps discovered:
D:1:      dpeg_arrival_simpleton_c, layout_basic
D:2:      layout_rooms, old_standard_altar, grunt_ministairs_4
D:3:      layout_loops_corners, good_gods_mini_temple,
          kennysheep_generic_room_2, uniq_grinder
D:4:      layout_gridville, serial_shops, shop, uniq_crazy_yiuf_cottage,
          uniq_robin
D:6:      kennysheep_orc_sif_temple, layout_loops_corners, okawaru_trees_2,
          minmay_temple_entry_antechambers, minmay_stone_trees_small,
          uniq_edmund

Skill      XL: |  1  2  3  4  5  6  7 |
---------------+----------------------+-----
Fighting       | 5 6 7 8 |  8.1
Polearms       | 4 5 6 |  6.1
Dodging        | |  2.6

Action                   |  1- 3 |  4- 6 |  7- 9 || total
-------------------------+-------+-------+-------++-------
Melee: Spear             |    92 |   195 |    62 ||   349
Invok: Berserk           |     1 |     5 |     2 ||     8
       Trog's Hand       |       |     1 |     1 ||     2
  Use: Scroll            |     1 |     6 |     1 ||     8
 Stab: Sleeping          |     1 |     1 |       ||     2
       Distracted        |       |     1 |       ||     1
Armor: Animal skin       |    11 |    15 |     2 ||    28
Dodge: Dodged            |    30 |    79 |    34 ||   143
Block: Other             |       |    17 |     7 ||    24
       Reflection        |       |     1 |       ||     1

Table legend: (Time is in decaauts)
 A = Elapsed time spent in this place.
 B = Non-inter-level travel time spent in this place.
 C = Inter-level travel time spent in this place.
 D = Time resting spent in this place.
 E = Time spent auto-exploring this place.
 F = Levels seen in this place.
 G = Mean time per level.
                   A        B        C        D        E       F      G
               +--------+--------+--------+--------+--------+-----+--------+
         Total |   3900 |   3808 |     92 |    950 |   2279 |   5 |  780.0 |
       Dungeon |   3900 |   3808 |     92 |    950 |   2279 |   5 |  780.0 |
               +--------+--------+--------+--------+--------+-----+--------+

Top non-repeatable levels by time:
     D:3: 1456 daAuts
     D:2: 861 daAuts
     D:4: 783 daAuts
     D:1: 661 daAuts
     D:6: 136 daAuts
